Map: 썬더버드 - 래더

Players

TSGSolar (Solar)

  • Race: Zerg Zerg
  • League: Diamond
  • Spawn Location: 11:00

lIIllllIIlll (INnoVation) - Winner!

  • Race: Terran Terran
  • League: Master
  • Spawn Location: 5:00

Event: 2019 Assembly Summer

VOD

Have the link to the VOD?

Description

Time

  • Played on: Aug. 2, 2019, 6:56 a.m.
  • Length: 16:25

All games in this series

Show
View Real Time Build Order
Export as new Build Order

TSGSolar Zerg 

Build Orders: Hatch First, Muta Ling Bane 

Get SALT Encoding   

  12  0:01  Drone  
  13  0:12  Overlord  
  13  0:17  Drone  
  14  0:30  Drone  
  14  0:31  Drone  
  16  0:47  Hatchery  
  15  0:51  Drone  
  15  0:54  Drone  
  17  0:58  Drone  
  18  1:08  Extractor  
  17  1:13  Spawning Pool  
  17  1:16  Drone  
  17  1:20  Drone  
  18  1:28  Drone  
  19  1:43  Hatchery  
  19  1:45  Drone  
  19  2:00  Queen  
  21  2:01  Zergling x2  
  21  2:02  Zergling x2  
  23  2:10  Queen  
  25  2:17  Overlord  
  25  2:20  Drone  
  26  2:23  Drone  
  27  2:33  Drone  
  28  2:37  Drone  
  28  2:40  Queen  
  28  2:42  Drone  
  32  2:46  Metabolic Boost  
  32  2:49  Drone  
  33  2:54  Drone  
  34  2:59  Queen  
  34  3:04  Overlord  
  36  3:08  Drone  
  36  3:09  Drone  
  36  3:12  Drone  
  39  3:14  Drone  
  39  3:15  Drone  
  39  3:16  Drone  
  42  3:21  Overlord  
  42  3:23  Drone  
  42  3:25  Drone  
  44  3:28  Overlord  
  44  3:32  Drone x2  
  44  3:34  Drone  
  47  3:36  Zergling x2  
  47  3:37  Zergling x2  
  49  3:44  Queen  
  49  3:45  Overlord  
  51  3:49  Drone  
  51  3:51  Overlord  
  51  3:52  Drone  
  51  3:55  Drone x2  
  55  3:56  Drone  
  55  3:59  Spore Crawler  
  54  4:03  Zergling x4  
  54  4:07  Spore Crawler, Overlord  
  55  4:11  Drone x2  
  55  4:13  Drone  
  55  4:15  Queen  
  60  4:21  Zergling x6  
  63  4:27  Drone x2, Evolution Chamber  
  63  4:28  Evolution Chamber  
  63  4:30  Drone  
  63  4:31  Drone  
  63  4:35  Queen  
  66  4:39  Overlord  
  66  4:41  Drone  
  66  4:42  Drone  
  66  4:44  Zergling x6  
  71  4:46  Zergling x4  
  71  4:50  Overlord  
  73  4:54  Zergling x8  
  73  4:58  Queen  
  73  5:08  Zergling x4  
  73  5:09  Zergling x12  
  73  5:18  Zergling x4  
  73  5:21  Zerg Ground Armor Level 1  
  73  5:22  Zerg Melee Weapons Level 1  
  73  5:23  Zergling x4  
  73  5:27  Drone  
  76  5:29  Drone  
  76  5:34  Baneling Nest  
  76  5:35  Extractor  
  75  5:41  Drone x3  
  76  5:43  Drone  
  76  5:45  Extractor x2  
  76  5:46  Drone  
  75  5:53  Drone  
  75  5:56  Drone  
  75  6:01  Drone  
  75  6:03  Drone  
  77  6:05  Drone  
  77  6:07  Queen  
  77  6:10  Zergling x2  
  77  6:11  Zergling x6  
  80  6:14  Zergling x12  
  80  6:16  Queen  
  81  6:19  Drone x2  
  82  6:26  Drone x2  
  82  6:28  Drone  
  83  6:33  Drone  
  83  6:35  Drone  
  82  6:40  Lair  
  82  6:42  Drone  
  82  6:44  Drone x3, Extractor  
  85  6:47  Drone  
  85  6:48  Drone  
  85  6:50  Drone  
  88  6:55  Overlord  
  88  6:59  Drone  
  88  7:00  Hatchery  
  88  7:01  Drone  
  88  7:04  Drone  
  89  7:09  Extractor  
  89  7:12  Drone x2  
  89  7:13  Drone x3  
  89  7:14  Drone  
  89  7:15  Overlord  
  94  7:20  Hatchery, Zergling x2  
  94  7:21  Zergling x8  
  94  7:22  Drone x2  
  100  7:30  Zergling x2  
  100  7:35  Zergling x4  
  103  7:39  Centrifical Hooks  
  103  7:40  Drone x2  
  103  7:41  Spire  
  103  7:42  Baneling x10  
  103  7:43  Zergling x10  
  109  7:45  Overseer, Overlord  
  109  7:50  Drone x2  
  110  7:52  Zergling x4  
  110  7:54  Overlord  
  113  7:58  Drone  
  113  7:59  Drone  
  113  8:01  Zerg Ground Armor Level 2  
  113  8:05  Drone  
  114  8:07  Drone  
  114  8:08  Drone  
  114  8:09  Zerg Melee Weapons Level 2  
  114  8:10  Drone  
  118  8:12  Drone x2  
  118  8:13  Zergling x8  
  118  8:15  Extractor  
  118  8:19  Overlord  
  121  8:20  Zergling x2  
  121  8:21  Zergling x8  
  126  8:28  Zergling x2  
  126  8:32  Drone x2  
  126  8:33  Zergling x6  
  131  8:35  Baneling x3  
  131  8:38  Zergling x2  
  131  8:39  Zergling x4  
  134  8:41  Overlord  
  134  8:44  Zergling x12  
  140  8:51  Hatchery  
  140  8:55  Mutalisk x8  
  134  8:59  Infestation Pit  
  134  9:01  Zergling x6  
  144  9:11  Mutalisk x2  
  144  9:13  Zergling x18  
  155  9:19  Drone x3, Overlord  
  155  9:21  Overlord  
  155  9:23  Overlord  
  155  9:24  Drone  
  155  9:27  Zerg Flyer Weapons Level 1  
  155  9:29  Drone  
  155  9:30  Drone x2  
  157  9:32  Overlord  
  157  9:35  Overlord x2  
  157  9:37  Overlord  
  157  9:40  Drone x2  
  157  9:44  Mutalisk  
  157  9:45  Mutalisk x5  
  153  9:47  Zergling x4  
  153  9:49  Zergling x6  
  153  9:51  Zergling x2  
  153  9:52  Zergling x4  
  159  9:53  Zergling x2  
  159  9:56  Baneling x8  
  159  9:59  Zergling x6  
  162  10:01  Pneumatized Carapace  
  162  10:03  Zergling x4  
  162  10:04  Zergling x4  
  166  10:08  Zergling x10  
  166  10:10  Overseer  
  166  10:12  Zergling x6  
  174  10:16  Zergling x10  
  174  10:17  Zergling x2  
  174  10:20  Zergling x8  
  184  10:23  Hive  
  184  10:24  Zergling x2  
  184  10:25  Zergling x2  
  184  10:26  Zergling x2  
  186  10:30  Baneling x4  
  186  10:31  Nydus Network  
  186  10:32  Baneling x4  
  186  10:33  Baneling x2  
  186  10:35  Zergling x2  
  184  10:39  Zergling x14  
  184  10:41  Zergling x4  
  185  10:46  Zergling x12  
  185  10:48  Baneling x2  
  185  10:49  Baneling x6  
  177  10:50  Baneling  
  177  10:51  Zergling x2  
  158  10:57  Zergling x16  
  158  10:58  Zergling x2  
  158  11:01  Zergling x8  
  158  11:03  Baneling x5  
  161  11:04  Zergling x2  
  161  11:05  Zergling x2  
  150  11:12  Zergling x14  
  150  11:16  Mutalisk x2  
  139  11:23  Baneling x8, Mutalisk x2  
  134  11:27  Zergling x8  
  134  11:28  Baneling x4  
  134  11:31  Baneling x2, Zergling x2  
  134  11:32  Zergling x6  
  141  11:34  Zergling x10  
  141  11:36  Baneling x4  
  146  11:43  Zergling x14  
  146  11:46  Baneling x2  
  153  11:47  Zergling x4  
  153  11:48  Baneling x7  
  153  11:50  Zergling x4  
  153  11:52  Baneling x3  
  153  11:53  Zergling x4  
  159  11:56  Zergling x2  
  153  12:04  Zergling x14  
  136  12:10  Mutalisk x3  
  136  12:11  Zergling x2  
  136  12:12  Zergling x12  
  148  12:20  Zergling x8  
  152  12:26  Ultralisk Cavern, Zergling x6  
  154  12:30  Baneling x4  
  154  12:31  Baneling  
  154  12:32  Zergling x6  
  154  12:34  Extractor  
  156  12:39  Hatchery, Zergling x12  
  156  12:41  Adrenal Glands  
  161  12:44  Drone x2  
  161  12:46  Spore Crawler, Drone  
  161  12:49  Drone  
  164  12:57  Zergling x16  
  172  13:05  Zergling x10  
  174  13:09  Overseer  
  174  13:12  Zergling x16  
  180  13:15  Chitinous Plating  
  180  13:22  Ultralisk  
  180  13:23  Zergling x10  
  180  13:26  Zerg Ground Armor Level 3, Zerg Melee Weapons Level 3  
  188  13:28  Baneling x4  
  188  13:30  Drone x3  
  188  13:33  Zergling x6  
  194  13:44  Zergling x12  
  197  13:50  Zergling x6  
  197  13:55  Zergling x2  
  200  13:58  Baneling  
  200  13:59  Baneling x23  
  200  14:03  Baneling x6  
  200  14:08  Baneling x7  
  193  14:17  Zergling x18  
  193  14:18  Zergling x6  
  193  14:22  Baneling x5  
  193  14:23  Ultralisk, Baneling, Zergling x6  
  192  14:26  Zergling x6  
  192  14:27  Zergling x10  
  192  14:31  Zergling x8  
  173  14:34  Mutalisk x2  
  173  14:37  Drone  
  171  14:39  Drone x2  
  171  14:40  Baneling x7  
  171  14:41  Drone  
  171  14:45  Drone x2  
  176  14:48  Zergling x4  
  176  14:49  Baneling x5  
  176  14:50  Baneling x2  
  176  14:54  Zergling x8  
  162  15:00  Ultralisk  
  162  15:01  Zergling x2  
  162  15:03  Zergling x4  
  162  15:05  Zergling x4  
  162  15:06  Zergling x4  
  162  15:10  Zergling x4  
  164  15:16  Ultralisk  
  164  15:19  Anabolic Synthesis  
  170  15:21  Overseer  
  170  15:22  Overseer  
  170  15:23  Baneling  
  170  15:26  Zergling x6  
  172  15:31  Zergling x2  
  172  15:32  Zergling x10  
  177  15:41  Zergling x20  
  154  15:45  Zergling x10  
  154  15:48  Zergling x4  
  150  15:53  Baneling x10  
  150  15:54  Overseer  
  148  15:58  Zergling x10  
  148  16:01  Zergling x2  
  148  16:02  Zergling x4  
  144  16:04  Zergling x4  
Show
View Real Time Build Order
Export as new Build Order

lIIllllIIlll Terran - Winner!

Build Orders: Hellion Opening, Reaper Expand 

Get SALT Encoding   

  12  0:00  SCV  
  13  0:12  SCV  
  14  0:16  Supply Depot  
  14  0:24  SCV  
  15  0:38  SCV  
  15  0:39  Barracks  
  15  0:42  Refinery  
  16  0:50  SCV  
  17  1:02  SCV  
  18  1:14  SCV  
  19  1:26  Reaper, Orbital Command  
  20  1:38  Command Center  
  20  1:51  Supply Depot  
  20  1:52  SCV  
  21  1:58  Marine  
  22  2:04  SCV  
  22  2:07  Factory  
  23  2:14  Refinery  
  23  2:16  SCV  
  23  2:20  Barracks Reactor  
  24  2:28  SCV  
  25  2:40  SCV  
  26  2:50  Orbital Command  
  26  2:51  Starport  
  26  2:52  SCV  
  27  2:59  Hellion x2  
  27  3:02  Barracks Tech Lab  
  27  3:05  SCV  
  32  3:15  SCV  
  32  3:17  SCV  
  34  3:20  Hellion x2  
  34  3:22  Supply Depot, Marine  
  39  3:31  SCV  
  39  3:32  SCV  
  43  3:40  Marauder  
  45  3:44  Hellion x2  
  47  3:51  Medivac  
  47  3:52  Supply Depot  
  47  3:54  Concussive Shells  
  47  3:55  Armory, SCV x2  
  51  4:05  Liberator, Marauder  
  53  4:13  SCV  
  53  4:14  Hellion x2, SCV  
  53  4:16  Supply Depot  
  62  4:38  Hellion x2, SCV x2  
  68  4:39  Supply Depot  
  68  4:40  Supply Depot  
  68  4:41  Stimpack  
  68  4:42  Marine  
  69  4:50  SCV  
  69  4:52  Liberator  
  70  5:01  Hellion x2, SCV  
  70  5:02  SCV  
  70  5:05  Marine  
  74  5:13  Hellion x4, SCV  
  72  5:14  SCV  
  72  5:19  Command Center  
  65  5:24  Hellion  
  65  5:25  Hellion, SCV  
  65  5:26  SCV  
  65  5:27  Marine  
  72  5:35  Engineering Bay x2  
  72  5:37  SCV  
  72  5:38  SCV  
  74  5:45  Supply Depot  
  74  5:47  Marine  
  74  5:49  SCV  
  76  5:55  Barracks  
  76  5:56  Starport Reactor, Refinery  
  76  5:57  Refinery  
  76  5:58  Barracks  
  76  5:59  SCV  
  76  6:00  Factory Reactor  
  76  6:01  SCV  
  76  6:05  Marine  
  76  6:07  Terran Infantry Armor Level 1, Terran Infantry Weapons Level 1  
  72  6:11  SCV  
  72  6:13  SCV  
  66  6:22  Marine  
  66  6:24  SCV  
  65  6:25  SCV  
  65  6:27  Barracks  
  65  6:29  Barracks  
  65  6:32  Orbital Command  
  63  6:36  SCV  
  63  6:37  SCV  
  63  6:40  Marine  
  63  6:43  Marine x2  
  63  6:44  Combat Shield  
  64  6:48  Factory Reactor, SCV  
  64  6:50  SCV  
  66  6:56  Marine x2  
  66  6:57  Medivac x2  
  66  6:58  Marine  
  66  6:59  SCV  
  66  7:00  Refinery, SCV  
  66  7:01  Marine  
  75  7:02  SCV  
  75  7:03  Refinery  
  75  7:05  Factory  
  77  7:11  SCV  
  77  7:12  SCV  
  77  7:13  Marine  
  77  7:14  Marine x2, SCV  
  84  7:16  Marine, Barracks Reactor x2  
  84  7:19  Marine  
  84  7:21  Supply Depot x2  
  85  7:23  SCV  
  85  7:24  SCV  
  85  7:26  SCV  
  90  7:30  Command Center, Widow Mine x2  
  90  7:35  SCV  
  90  7:36  Missile Turret, SCV  
  94  7:40  Medivac x2  
  94  7:41  Marine x4  
  94  7:42  Marine  
  103  7:44  SCV  
  103  7:47  SCV  
  103  7:48  Supply Depot, SCV  
  103  7:49  Factory Tech Lab  
  103  7:52  Widow Mine x2  
  103  7:53  Marine x2  
  103  7:57  Missile Turret  
  109  7:59  Marine  
  109  8:04  Marine x6  
  109  8:05  Terran Infantry Weapons Level 2  
  116  8:08  Terran Infantry Armor Level 2  
  116  8:10  Terran Vehicle And Ship Armor Level 1  
  115  8:13  Medivac x2  
  115  8:15  Marine  
  115  8:16  Supply Depot  
  115  8:17  Drilling Claws  
  115  8:19  Widow Mine  
  122  8:22  Widow Mine x2  
  122  8:26  Marine x4  
  130  8:29  Marine, Marauder  
  130  8:34  Supply Depot  
  133  8:37  Marine  
  133  8:39  Supply Depot  
  134  8:43  Medivac x2  
  138  8:50  Marine x4, Marauder  
  138  8:55  Widow Mine x3  
  148  8:59  SCV x3  
  148  9:01  Marine  
  148  9:02  Marine x3  
  153  9:08  Marine x3  
  152  9:12  Marauder  
  152  9:14  Medivac x2  
  152  9:15  Planetary Fortress  
  152  9:16  SCV x3  
  155  9:17  Marine  
  155  9:19  Marine  
  155  9:20  Widow Mine  
  155  9:22  Widow Mine  
  161  9:27  Marine x2  
  163  9:33  Marauder  
  165  9:41  Barracks  
  165  9:42  Barracks x2  
  165  9:43  Thor  
  165  9:47  Missile Turret  
  165  9:50  Widow Mine x2  
  165  9:52  Medivac x2  
  170  9:54  Marauder  
  170  9:55  Marine, Missile Turret  
  170  9:56  Marine x2  
  166  10:01  Marine  
  166  10:05  Marine  
  166  10:06  Marine x3  
  171  10:09  Terran Vehicle And Ship Armor Level 2  
  170  10:16  Marauder  
  172  10:21  Supply Depot  
  172  10:23  Supply Depot  
  172  10:35  Barracks Tech Lab x2  
  172  10:36  Barracks Tech Lab  
  172  10:39  Terran Infantry Weapons Level 3  
  172  10:41  Marine  
  172  10:42  Marine x7  
  172  10:43  Medivac, Widow Mine, Marauder  
  172  10:44  Medivac, Widow Mine x2  
  175  10:53  Marine  
  175  10:54  Marine x2  
  156  10:59  Marine x2  
  156  11:00  Marine x6  
  159  11:04  Marine  
  150  11:17  Command Center  
  148  11:18  Widow Mine x3  
  148  11:23  Medivac  
  148  11:24  Medivac  
  148  11:25  Marauder  
  140  11:26  Marine  
  140  11:27  Marine  
  140  11:32  Missile Turret  
  142  11:39  Widow Mine  
  146  11:40  Widow Mine  
  146  11:41  Terran Infantry Armor Level 3  
  146  11:44  Marauder  
  146  11:46  Marine  
  149  11:51  Marine  
  149  11:52  Marine x4  
  154  11:56  Marine, Marauder  
  153  12:05  Widow Mine x3  
  130  12:10  Medivac x2  
  130  12:11  Marauder  
  130  12:12  Marine  
  130  12:13  Marine  
  122  12:26  Marine, Marauder x3, Widow Mine  
  122  12:27  Widow Mine  
  133  12:30  Orbital Command  
  133  12:41  Thor  
  139  12:48  Widow Mine x2  
  139  12:49  Marauder x4  
  151  12:52  Marine x5  
  151  12:57  Medivac x2  
  160  13:04  Marine  
  160  13:05  Marine  
  156  13:09  Widow Mine x2  
  156  13:10  Marauder x2  
  162  13:13  Marine  
  162  13:14  Marine x6  
  167  13:25  Widow Mine  
  167  13:27  Medivac x2  
  171  13:28  Refinery x2, Command Center  
  179  13:34  Marine, Marauder x4  
  179  13:35  Marine x2  
  179  13:38  Widow Mine  
  179  13:39  Widow Mine  
  186  13:46  Widow Mine  
  187  13:50  Marine  
  187  13:51  Marine  
  187  13:53  Liberator  
  187  13:59  Marauder  
  187  14:00  Liberator  
  188  14:03  Supply Depot  
  188  14:06  Supply Depot  
  188  14:11  Marauder x2, Widow Mine  
  186  14:17  Marauder, Widow Mine  
  186  14:18  Widow Mine  
  186  14:19  Marine x2  
  188  14:25  Marauder  
  157  14:32  Marauder  
  157  14:33  Marauder  
  157  14:36  Liberator  
  147  14:38  Marauder, Widow Mine  
  147  14:39  Marine x8  
  147  14:43  Liberator  
  153  14:46  Marauder, Widow Mine x2  
  157  14:54  Marauder x2  
  160  15:00  Widow Mine  
  160  15:03  Marine x5, Marauder  
  160  15:05  Marine  
  161  15:08  Marauder  
  161  15:12  Marine  
  161  15:13  Widow Mine x2  
  168  15:15  Marauder  
  168  15:17  Marauder  
  174  15:21  Widow Mine  
  174  15:24  Marauder  
  174  15:26  Marine x2  
  174  15:27  Marine  
  179  15:29  Marine x2, Marauder  
  179  15:32  Orbital Command  
  179  15:35  Widow Mine  
  185  15:36  Marauder  
  185  15:38  Marauder  
  155  15:46  Marauder  
  156  15:50  Marine x8  
  156  15:51  Marauder  
  156  15:53  Widow Mine x2  
  156  15:56  Widow Mine  
  167  15:58  Marauder  
  167  16:00  Marauder  
Tags
 
Add a new tag
Caveats
  • Supply blocks, unpowered buildings, or Contaminate may cause inaccurate times.
  • Supply counts are checked every 10 seconds.